[Event "*** Titled Tuesday Blitz"]
[Site "Chess.com"]
[Date "2020.01.07"]
[Round "8"]
[White "chessdjw"]
[Black "Region_07"]
[Result "1-0"]
[WhiteElo "2655"]
[BlackElo "2401"]
[TimeControl "180+2"]
[EndTime "14:54:49 PST"]
[Termination "chessdjw won on time"]

1. d4 f5 2. Nf3 Nf6 3. g3 g6 4.
Bg2 Bg7 5. O-O O-O 6. c4 d6 7.
Nc3 c6 8. b3 Na6 9. Bb2 Qc7 10.
Rc1 e5 11. e3 e4 12. Ne1 Qd8 13. Nc2 Nc7 14. a4 a5 15. Ba3 Re8 16. Qd2 d5 17.
Rfd1 Be6 18. Qe2 Kh8 19. Bc5 Qd7 20. Bb6 Bf7 21. Na3 Ne6 22. cxd5 Nxd5 23. Nxd5 Qxd5 24. Nc4 Ng5 25. Qe1 Nf3+ 26. Bxf3 exf3 27. Bxa5 f4 28. Bd2 Qh5 29. Nd6 Be6 30. Nxe8 Rxe8 31. exf4 Bf7 32.
Qf1 Bxb3 33. Re1 Re2 34. Be3 Bxa4 35. h4 Bb5 36. Qh3 h6 37. Ra1 Kh7 38. Qd7 Rxe1+ 39.
Rxe1 Bc4 40. Rb1 b5 41. Ra1 Bd5 42. Ra7 1-0

[Event "*** Titled Tuesday Blitz"]
[Site "Chess.com"]
[Date "2020.01.07"]
[Round "8"]
[White "SavelievAlexei"]
[Black "SCIM"]
[Result "1-0"]
[WhiteElo "2345"]
[BlackElo "2458"]
[TimeControl "180+2"]
[EndTime "14:54:49 PST"]
[Termination "SavelievAlexei won on time"]

1. e4 e5 2. Nf3 Nc6 3. Bc4 Nf6 4.
d3 Be7 5. O-O O-O 6. c3 d5 7.
exd5 Nxd5 8. a4 Bg4 9. h3 Bh5 10. Re1 Bf6 11. Nbd2 Nf4 12. Ne4 Re8 13. Bxf4 exf4 14.
Qb3 Na5 15. Qb5 Nxc4 16. Qxh5 Qxd3 17. Qf5 Rxe4 18. Rxe4 Rf8 19. Rxf4 Nxb2 20. Qb5 Qxc3 21. Rb1 b6 22. Rxf6 Qxf6 23. Rxb2 Rd8 24. Re2 h6 25.
Re8+ Rxe8 26. Qxe8+ Kh7 27. Qe4+ Kg8 28. Nd4 c5 29. Nc6 Qa1+ 30. Kh2 Qb2 31. f3 a5 32.
Ne7+ Kf8 33. Nd5 Kg8 34. Ne7+ Kf8 35. Nf5 1-0

[Event "*** Titled Tuesday Blitz"]
[Site "Chess.com"]
[Date "2020.01.07"]
[Round "8"]
[White "davigator"]
[Black "CzechmVIII"]
[Result "1-0"]
[WhiteElo "2330"]
[BlackElo "2173"]
[TimeControl "180+2"]
[EndTime "14:54:56 PST"]
[Termination "davigator won on time"]

1. e4 c5 2. Nf3 d6 3. d4 cxd4 4. Nxd4 Nf6 5. Nc3 g6 6. Be3 Bg7 7. f3 O-O 8. Qd2 Nc6 9. g4 Be6 10. Nxe6 fxe6 11. Bc4 Qc8 12. O-O-O Ne5 13. Be2 Nc4 14.
Qd3 Nxe3 15. Qxe3 Nd7 16. Na4 Ne5 17. b3 Qc6 18. Kb1 b5 19. Nb2 Rac8 20. Rc1 b4 21. Nc4 Nxc4 22. Bxc4 d5 23. exd5 exd5 24. Be2 Qf6 25.
c3 Rxc3 26. Rxc3 bxc3 27. Kc2 d4 28. Qe4 e5 29. h4 Rd8 30. Bc4+ Kf8 31. h5 Qf4 32.
Qxf4+ exf4 33. hxg6 hxg6 34. Re1 Re8 35. Rxe8+ Kxe8 36. Kd3 Ke7 37. b4 g5 38. a4 Kd6 39.
Bf7 Ke5 40. Bg6 Bf8 41. b5 Bb4 42. Bf7 Ba5 43. Bb3 Bb6 44. Bc2 Ba5 45. Kc4 Bb6 46. Kb4 Bd8 47. a5 Be7+ 48. Kc4 Bd8 49. Kb4 Be7+ 50. Ka4 Bd8 51. Bd3 Kd6 52. Kb4 Kc7 53. Kc5 Bf6 54. Be4 Bg7 55. b6+ axb6+ 56. axb6+ Kb8 57. Kd6 Bh8 58. Ke6 Bg7 59. Kf5 Bf8 60. Kxg5 Bd6 61. Kf6 Bc5 62. g5 Bxb6 63. g6 Bd8+ 64. Kf7 1-0

[Event "*** Titled Tuesday Blitz"]
[Site "Chess.com"]
[Date "2020.01.07"]
[Round "8"]
[White "TST2014"]
[Black "MiroVlasenko"]
[Result "0-1"]
[WhiteElo "2507"]
[BlackElo "2677"]
[TimeControl "180+2"]
[EndTime "14:54:57 PST"]
[Termination "MiroVlasenko won on time"]

1. d4 Nc6 2. Nf3 d5 3. Bf4 Bg4 4. e3 e6 5. Nbd2 Bd6 6. Be2 Nge7 7. O-O O-O 8. h3 Bh5 9. c3 Bxf3 10. Nxf3 Ng6 11. Qd2 h6 12. Bd3 Qf6 13. Bxd6 cxd6 14. a4 Rad8 15. a5 e5 16. Bb5 e4 17. Nh2 Nce7 18.
a6 b6 19. Qe2 Nh4 20. Qh5 Qg5 21. Qg4 f5 22. Qg3 Qf6 23. f4 Kh7 24. b3 Rg8 25. c4 g5 26. Ra2 gxf4 27. Qxf4 Neg6 28. Qf2 f4 29. cxd5 f3 30. Ng4 Qg5 31. Qc2 h5 32.
Qxe4 hxg4 33. hxg4 fxg2 34. Rf7+ Rg7 35. Raf2 Rg8 36.
Be8 Kh6 37. R7f5 Nxf5 38. Rxf5 Nh4 39. Rxg5 Rxg5 40. Qe6+ Kh7 41. Qe4+ Kh6 42. Bh5 Rxh5 43. gxh5 Kxh5 44. Qf4 Rg4 45. Qf7+ Rg6 46. e4 Kg4 47. e5 Kg3 48. Qf2+ Kh3 49. Qe3+ Rg3 50.
Qh6 Rf3 51. Qe6+ Kg3 0-1

[Event "*** Titled Tuesday Blitz"]
[Site "Chess.com"]
[Date "2020.01.07"]
[Round "8"]
[White "AlexTriapishko"]
[Black "Misi_95"]
[Result "1-0"]
[WhiteElo "2870"]
[BlackElo "2710"]
[TimeControl "180+2"]
[EndTime "14:54:58 PST"]
[Termination "AlexTriapishko won by resignation"]

1. Nf3 Nf6 2. g3 g6 3. b3 Bg7 4. Bb2 O-O 5. Bg2 d5 6. c4 c6 7.
O-O Bg4 8. d4 Nbd7 9. Nbd2 a5 10.
a3 a4 11. b4 Bxf3 12. Bxf3 b5 13. cxb5 cxb5 14. e4 dxe4 15. Nxe4 Nxe4 16. Bxe4 Rc8 17.
Bd3 Qb6 18. Qe2 Rb8 19. Qxe7 Rfd8 20. Rad1 Nf6 21. Qc5 Qe6 22. Rfe1 Qa2 23. Qc2 Rdc8 24. Qb1 Qd5 25. Re5 Qd7 26. Rc5 Re8 27. Re5 Ng4 28.
Rxe8+ Rxe8 29. Qc2 Qd5 30. Be2 Nf6 31. Qd3 Ne4 32.
Qxb5 Qe6 33. d5 Qc8 34. Bxg7 Kxg7 35. Qd3 Qc3 36. Bf3 Qxd3 37. Rxd3 Nd6 38. Kg2 Re1 39. Rc3 Kf6 40. Rc6 Ke5 41. Ra6 Ra1 42. Rxa4 f6 43. Ra7 f5 44. Re7+ Kd4 45. Re6 Nc4 46. d6 Kc3 47. d7 1-0

[Event "*** Titled Tuesday Blitz"]
[Site "Chess.com"]
[Date "2020.01.07"]
[Round "8"]
[White "Jbd735"]
[Black "Szczor"]
[Result "0-1"]
[WhiteElo "2466"]
[BlackElo "2600"]
[TimeControl "180+2"]
[EndTime "14:55:01 PST"]
[Termination "Szczor won by resignation"]

1. e4 c5 2. Nf3 d6 3. d4 cxd4 4. Nxd4 Nf6 5. Nc3 a6 6. Bg5 Nbd7 7. Qf3 e6 8. O-O-O Be7 9. h4 Qc7 10. Qg3 b5 11. Bd3 b4 12. Nce2 Bb7 13. f3 Rc8 14. Kb1 d5 15. Qxc7 Rxc7 16. exd5 Nxd5 17. Nf4 N7b6 18.
Nxd5 Nxd5 19. Rhe1 O-O 20. Bxe7 Rxe7 21. Be4 Rd7 22.
Nb3 Rfd8 23. Kc1 f5 24. Bxd5 Bxd5 25. Rd4 Bxb3 26. Rxd7 Rxd7 27. axb3 Kf7 28. Re5 Kf6 29. Ra5 Rd4 30. g3 Rd6 31. Ra4 Rb6 32. f4 e5 33. Kd2 e4 34. Ra5 h6 35. Ke3 g5 36.
hxg5+ hxg5 37. Kd4 gxf4 38. gxf4 Rd6+ 39. Kc5 Re6 40.
Kxb4 e3 41. Ra1 Re4+ 42. Kc3 Rxf4 43. Kd3 Re4 44. Re1 Rh4 45. Rxe3 f4 46. Re8 Kf5 47. Rf8+ Kg4 48. Ke4 Kg3 49. Rg8+ Kf2 50. Rf8 f3+ 51. Kd5 Ke3 52. Re8+ Kd2 53. Rf8 Ke2 54. Re8+ Kf1 55. Kc5 f2 56. c4 Rf4 57. Rh8 Kg2 58. Rg8+ Kf3 0-1

[Event "*** Titled Tuesday Blitz"]
[Site "Chess.com"]
[Date "2020.01.07"]
[Round "8"]
[White "Ar4uha"]
[Black "Gnechko_Ruslan"]
[Result "1/2-1/2"]
[WhiteElo "2606"]
[BlackElo "2498"]
[TimeControl "180+2"]
[EndTime "14:55:02 PST"]
[Termination "Game drawn by repetition"]

1. e4 c5 2. Nf3 d6 3. Bb5+ Nc6 4.
O-O g6 5. c3 Bg7 6. d4 Bd7 7.
dxc5 dxc5 8. Be3 b6 9. h3 Nf6 10. Qa4 Qc7 11. Rd1 Rc8 12. e5 Ng8 13. Na3 Nh6 14.
e6 Bxe6 15. Ne5 Bxe5 16. Bxh6 f6 17. Nc4 Kf7 18. Bxc6 Qxc6 19. Nxe5+ fxe5 20. Qh4 Rcd8 21. Rxd8 Rxd8 22. Bg5 h5 23. Bxe7 Rd2 24. Qf6+ Ke8 25. Bf8 Qd7 26. Kh2 Qf7 27. Qxe5 Kxf8 28. Re1 Qxf2 29. Qh8+ Ke7 30. Qg7+ Qf7 31. Qe5 Rd6 32. Re2 Qf6 33. Qe3 g5 34. Rf2 Qg6 35. Qf3 Rd5 36. Qf8+ Kd7 37. Qb8 Qe4 38. Qb7+ Kd6 39. Qb8+ Ke7 40. Qb7+ Bd7 41. Qa8 Qe5+ 42. g3 h4 43. Qf8+ Ke6 44. Qh6+ Ke7 45. Qf8+ Ke6 46. Qh6+ Ke7 47. Qf8+ 1/2-1/2

[Event "*** Titled Tuesday Blitz"]
[Site "Chess.com"]
[Date "2020.01.07"]
[Round "8"]
[White "GMHess"]
[Black "GianmarcoVaR"]
[Result "0-1"]
[WhiteElo "2752"]
[BlackElo "2610"]
[TimeControl "180+2"]
[EndTime "14:55:10 PST"]
[Termination "GianmarcoVaR won on time"]

1. a3 d5 2. h3 e5 3. d3 Nf6 4. g4 Bd6 5. Bg2 c6 6. Nc3 O-O 7. e4 dxe4 8. dxe4 Qc7 9. Qf3 a5 10. Nge2 Na6 11. Ng3 Re8 12. Nf5 Bf8 13. Be3 Nd7 14.
h4 Ndc5 15. h5 Ne6 16. O-O-O Nac5 17. g5 b5 18. g6 b4 19. Nb1 Nf4 20. h6 Nce6 21.
hxg7 Bxg7 22. Nxg7 Nxg7 23. Bxf4 exf4 24. Rxh7 fxg6 25.
Rdh1 Qe5 26. Rh8+ Kf7 27. Rxe8 Nxe8 28. Bh3 Ng7 29. Bxc8 Rxc8 30. axb4 axb4 31. Qb3+ Kf6 32. Qxb4 Ne6 33. Rh7 Rc7 34. Rxc7 Qxc7 35. Nd2 Qa7 36. Qc3+ Kf7 37. Qxc6 Qxf2 38. Qd7+ Kf6 39. Kb1 Qe1+ 40. Ka2 Qe2 41. e5+ Qxe5 42. Nc4 Qe4 43. Qc8 f3 44. Qh8+ Kg5 0-1

[Event "*** Titled Tuesday Blitz"]
[Site "Chess.com"]
[Date "2020.01.07"]
[Round "8"]
[White "Sven_Tica"]
[Black "Terao90"]
[Result "1-0"]
[WhiteElo "2670"]
[BlackElo "2456"]
[TimeControl "180+2"]
[EndTime "14:55:12 PST"]
[Termination "Sven_Tica won by resignation"]

1. d4 Nf6 2. c4 e6 3. g3 d5 4. Bg2 Bb4+ 5. Bd2 Be7 6. Nf3 O-O 7. O-O c6 8. Qc2 b6 9. Bf4 Nbd7 10. Rd1 Bb7 11. Ne5 Nh5 12. Bd2 Nhf6 13. cxd5 cxd5 14. Nc6 Bxc6 15. Qxc6 Rc8 16. Qb5 Qc7 17. Nc3 Qb7 18.
a4 a6 19. Qb3 Ne4 20. Nxe4 dxe4 21. Rdc1 Nf6 22. Bg5 Nd5 23. Bxe7 Nxe7 24. e3 Rxc1+ 25. Rxc1 Rc8 26. Rc4 Rxc4 27. Qxc4 Nc8 28. Bf1 a5 29.
b4 axb4 30. Qxb4 Qc7 31. Kg2 Nd6 32. Ba6 Qc6 33. Be2 g6 34. h4 h5 35. Qa3 Kg7 36.
Qb2 Kg8 37. Qb3 Kg7 38. Qb2 Kg8 39. Bd1 Qc7 40. Bb3 Qc6 41. Qd2 Nf5 42. d5 exd5 43. Qxd5 Qxd5 44. Bxd5 Nd6 45. Kf1 Kf8 46. Ke2 Ke7 47.
Kd2 Kf6 48. Kc3 Ke5 49. Bb3 f6 50. Kb4 g5 51. Bd1 gxh4 52. gxh4 Nf5 53. Bxh5 Nxh4 54.
Kb5 Nf5 55. Kxb6 Nd6 56. Be2 1-0

[Event "*** Titled Tuesday Blitz"]
[Site "Chess.com"]
[Date "2020.01.07"]
[Round "8"]
[White "FearlessKing64"]
[Black "yoolund"]
[Result "0-1"]
[WhiteElo "2281"]
[BlackElo "2495"]
[TimeControl "180+2"]
[EndTime "14:55:12 PST"]
[Termination "yoolund won by resignation"]

1. e4 g6 2. d4 Bg7 3. Nc3 d6 4. f4 a6 5. Bd3 b5 6. Nf3 Nd7 7.
e5 Nh6 8. Ne4 O-O 9. a4 b4 10.
Qe2 Bb7 11. e6 Nf6 12. Neg5 Bd5 13. Bc4 Bxc4 14. Qxc4 d5 15. Qe2 Qd6 16. exf7+ Nxf7 17. Nxf7 Rxf7 18. Ne5 Rff8 19. O-O c5 20. Be3 cxd4 21.
Bxd4 Ne4 22. Rad1 Rac8 23. g3 Qc7 24. Rc1 Nd6 25. b3 Ne4 26. Qxa6 Kh8 27. Qd3 g5 28. Nf3 e6 29. Nxg5 Nxg5 30. fxg5 e5 31. Bf2 Qd7 32. Rcd1 Rfd8 33. Be1 e4 34. Qb5 Qe6 35. Qxb4 Rxc2 36. Qa5 Rg8 37. Bf2 e3 38. Bxe3 Qxe3+ 39. Kh1 Qe4+ 0-1

[Event "*** Titled Tuesday Blitz"]
[Site "Chess.com"]
[Date "2020.01.07"]
[Round "8"]
[White "MikeSailer"]
[Black "enzovsky"]
[Result "0-1"]
[WhiteElo "2103"]
[BlackElo "2257"]
[TimeControl "180+2"]
[EndTime "14:55:12 PST"]
[Termination "enzovsky won on time"]

1. b4 e5 2. Bb2 Bxb4 3. Bxe5 Nf6 4. c4 O-O 5. Nf3 Nc6 6. Bb2 Re8 7. e3 d5 8. cxd5 Nxd5 9. Be2 Bg4 10. O-O Qd7 11.
d4 Bd6 12. Nbd2 Nf6 13. Nc4 Bf8 14. Nfe5 Nxe5 15. Nxe5 Bxe2 16. Nxd7 Bxd1 17. Nxf6+ gxf6 18. Rfxd1 f5 19. g3 Bd6 20. Rab1 b5 21. Bc3 Reb8 22.
Bb4 a5 23. Bxd6 cxd6 24. Kf1 b4 25. Ke2 Rc8 26. Rdc1 Kf8 27. Kf3 Ke7 28. Kf4 Kf6 29. d5 Rc5 30. Rxc5 dxc5 31. Rc1 Rc8 32. d6 Ke6 33. d7 Kxd7 34. Kxf5 c4 35. Kf6 b3 36. Rd1+ Ke8 37. Rd5 b2 38. Re5+ Kf8 39. Rb5 c3 40. Rb7 c2 41. Rxf7+ Kg8 42. Rg7+ Kh8 43. Rb7 b1=Q 44. Rc7 Rxc7 0-1

[Event "*** Titled Tuesday Blitz"]
[Site "Chess.com"]
[Date "2020.01.07"]
[Round "8"]
[White "promen1999"]
[Black "chessking2151"]
[Result "1-0"]
[WhiteElo "2794"]
[BlackElo "2623"]
[TimeControl "180+2"]
[EndTime "14:55:18 PST"]
[Termination "promen1999 won by resignation"]

1. e4 e5 2. Nf3 Nc6 3. Nc3 Nf6 4. d4 exd4 5. Nxd4 Bb4 6. Nxc6 bxc6 7. Bd3 d5 8. exd5 cxd5 9. O-O O-O 10. h3 c6 11. Qf3 Bd6 12. Bf4 Be6 13. Rfe1 Qc7 14. Ne2 Bxf4 15. Nxf4 Rfe8 16. c4 Qd7 17. cxd5 Bxd5 18.
Qg3 Rad8 19. b3 h6 20. Nxd5 cxd5 21. Rac1 Ne4 22. Qe3 d4 23. Qf4 Nc3 24. Kh1 Kf8 25. Bc4 Kg8 26. Qd2 Kh8 27. Rxe8+ Qxe8 28. Re1 Qd7 29. Bd3 Kg8 30. Qf4 Nxa2 31. Re5 Nb4 32.
Bc4 Rf8 33. Qd2 Nc6 34. Rd5 Qe7 35. Bb5 Nb4 36. Rxd4 a5 37. Bc4 Qf6 38. Rf4 Qa1+ 39. Kh2 Qe5 40. g3 Qe7 41. Qd4 Qc7 42. Qe4 Qc6 43.
Qf5 Kh8 44. Bxf7 Qd6 45. Qg6 Qxg6 46. Bxg6 Rxf4 47. gxf4 Kg8 48. Kg3 Kf8 49. Kf3 Ke7 50.
Ke4 Kd6 51. Bf7 Nc6 52. Bd5 Ne7 53.
Bc4 Nc6 54. h4 Ne7 55. h5 Nc6 56. f5 Ne7 57. f4 Kc5 58. Ke5 Nc6+ 59. Ke6 Nd4+ 60.
Kf7 Nxf5 61. Kg6 Ng3 62. Bf7 Ne2 63. f5 Nd4 64. Be6 Kd6 65. Kxg7 Ke7 66. Kg6 Nf3 67.
Kxh6 Kf6 68. Kh7 Nd4 69. h6 Nc6 70. Kg8 Ne7+ 71. Kf8 1-0

[Event "*** Titled Tuesday Blitz"]
[Site "Chess.com"]
[Date "2020.01.07"]
[Round "8"]
[White "Bagirova"]
[Black "Playgood28"]
[Result "1/2-1/2"]
[WhiteElo "2121"]
[BlackElo "2237"]
[TimeControl "180+2"]
[EndTime "14:55:19 PST"]
[Termination "Game drawn by repetition"]

1. e4 e5 2. Nf3 d6 3. Bc4 Be7 4. Nc3 Nf6 5. O-O O-O 6. h3 c6 7. d4 Nbd7 8. dxe5 dxe5 9. Be3 b5 10. Bd3 a5 11. Ne2 Qc7 12. Ng3 Nc5 13. Qe2 Be6 14.
Ng5 Bd7 15. f4 h6 16. fxe5 Qxe5 17. Bf4 Qxb2 18. Nf3 Nxd3 19. Qxd3 Be6 20. Rfb1 Qa3 21. Qe2 Bc4 22. Qe1 Rfe8 23. Ne5 Qc5+ 24. Kh1 Bd6 25. Nd3 Bxd3 26. Bxd6 Qxd6 27. cxd3 Qxd3 28. Rb3 Qd4 29.
Re3 Nd5 30. Nf5 Qf6 31. exd5 Rxe3 32. Nxe3 Re8 33. Qc1 Rxe3 34. Qxe3 Qxa1+ 35. Kh2 cxd5 36. Qe8+ Kh7 37. Qxb5 Qe5+ 38. Kh1 Qe1+ 39. Kh2 Qd2 40. Qd7 Qf4+ 41. Kh1 d4 42. Qd5 g6 43. g3 Qe3 44.
Qxf7+ Kh8 45. Qf8+ Kh7 46. Qf7+ Kh8 47. Qf8+ Kh7 48.
Qf7+ 1/2-1/2

[Event "*** Titled Tuesday Blitz"]
[Site "Chess.com"]
[Date "2020.01.07"]
[Round "8"]
[White "Zavgorodniy_Serg"]
[Black "r31415"]
[Result "1-0"]
[WhiteElo "2611"]
[BlackElo "2474"]
[TimeControl "180+2"]
[EndTime "14:55:24 PST"]
[Termination "Zavgorodniy_Serg won by resignation"]

1. e4 e5 2. Nf3 Nc6 3. Be2 Nf6 4. d3 Be7 5. O-O O-O 6. c3 d6 7. b4 a6 8. Re1 Ne8 9. Nbd2 f5 10. exf5 Bxf5 11.
Ne4 Kh8 12. a4 Qd7 13. Rb1 h6 14. b5 axb5 15. axb5 Nd8 16. c4 Nf6 17. Ng3 Bh7 18. Be3 Ng4 19. Bd2 Ne6 20. h3 Nf6 21. Be3 Nf4 22.
Bf1 g5 23. d4 Bxb1 24. Qxb1 g4 25. Nh4 Rg8 26. Bxf4 exf4 27. Ng6+ Rxg6 28. Qxg6 fxg3 29. Qxh6+ Nh7 30. fxg3 Bg5 31. Qh5 Rf8 32. h4 Bd2 33.
Rd1 Be3+ 34. Kh2 Qf5 35. Qxf5 Rxf5 36. Bd3 Rf7 37. Bg6 Rg7 38. Be4 b6 39. Rd3 Bh6 40.
Ra3 Nf6 41. Bf5 Re7 42. Ra7 Be3 43. d5 Kg7 44. Ra8 Bf2 45. Be6 Ne4 46. Rg8+ Kh7 47.
Rxg4 Nxg3 48. Rxg3 Bxg3+ 49. Kxg3 Rg7+ 50. Kf3 Rg6 51. Bf5 Kh6 52. Bxg6 Kxg6 53. g4 Kf6 1-0

[Event "*** Titled Tuesday Blitz"]
[Site "Chess.com"]
[Date "2020.01.07"]
[Round "8"]
[White "attack2mateU"]
[Black "lupta_robin"]
[Result "1-0"]
[WhiteElo "2688"]
[BlackElo "2536"]
[TimeControl "180+2"]
[EndTime "14:55:25 PST"]
[Termination "attack2mateU won by resignation"]

1. e4 g6 2. d4 Nf6 3. e5 Nh5 4. Nc3 d6 5. exd6 Qxd6 6. Be2 Nf6 7. Nb5 Qd8 8. c4 c6 9. Nc3 Bg7 10. h3 O-O 11. Nf3 Bf5 12. Qb3 Qb6 13. Be3 Ne4 14. O-O Nd7 15. g4 Nxc3 16. bxc3 Be6 17. Ng5 c5 18. d5 Bxd5 19. cxd5 Qxb3 20. axb3 Bxc3 21. Rac1 Bb4 22. Bb5 Nf6 23. Bxc5 Nxd5 24. Bxb4 Nxb4 25. Rc7 a6 26. Bc4 b5 27. Bxf7+ Rxf7 28. Nxf7 Kxf7 29. Re1 Re8 30. Ra7 Nd3 31. Re3 Nc5 32. b4 Ne6 33. Rxa6 Nd4 34. Re4 e5 35. Ra7+ Kf6 36. Rxh7 Rc8 37.
Rb7 Rc4 38. Rb6+ Kg5 39. Rxe5+ Kf4 40. Rc5 Nf3+ 41. Kf1 Rxb4 42. Rbxb5 Re4 43. Rc1 Nd4 44.
Rb4 g5 45. Rd1 Ke5 46. Rbxd4 1-0

[Event "*** Titled Tuesday Blitz"]
[Site "Chess.com"]
[Date "2020.01.07"]
[Round "8"]
[White "szefru"]
[Black "Rainbow2014"]
[Result "0-1"]
[WhiteElo "2121"]
[BlackElo "2269"]
[TimeControl "180+2"]
[EndTime "14:55:25 PST"]
[Termination "Rainbow2014 won by resignation"]

1. b3 d5 2. Bb2 Nf6 3. g3 c6 4. Bg2 Bf5 5. e3 e6 6. Ne2 Be7 7. O-O O-O 8. h3 Nbd7 9. Kh2 Re8 10. d3 e5 11. Nd2 Bd6 12. f4 exf4 13. exf4 Nf8 14. Nf3 c5 15. Nh4 Be6 16. Ng1 Rb8 17. a4 d4 18. Ngf3 Nd5 19. Qd2 Ne3 20. Rfe1 Be7 21.
c3 Bxb3 22. cxd4 cxd4 23. Rxe3 dxe3 24. Qc3 Bf6 25. Qxb3 Bxb2 26. Qxb2 Qxd3 27. Ne5 Qd2 28. Qb3 Ne6 29. f5 Ng5 30. Nhf3 Nxf3+ 31. Nxf3 Qd6 32. Ng5 Re7 33. Rd1 Qf6 34. h4 e2 35. Re1 Qxf5 36. Qb4 Qe5 37. Nf3 Qe3 38. Ng5 h6 39. Nf3 Rd8 40.
Kh3 Rd1 41. Ng1 Qf2 42. Nf3 Rxe1 43. Qxe7 Rf1 44. Qe8+ Kh7 45. Ng5+ hxg5 46. Be4+ g6 47. Qe5 Qf6 48. Qxf6 Rxf6 49. hxg5 Re6 50. Bf3 e1=Q 0-1

[Event "*** Titled Tuesday Blitz"]
[Site "Chess.com"]
[Date "2020.01.07"]
[Round "8"]
[White "HouseOfDurin"]
[Black "luis-garcia"]
[Result "1-0"]
[WhiteElo "2130"]
[BlackElo "2126"]
[TimeControl "180+2"]
[EndTime "14:55:33 PST"]
[Termination "HouseOfDurin won by resignation"]

1. d4 d5 2. Bg5 Nd7 3. f3 Ngf6 4.
c4 c6 5. cxd5 cxd5 6. Nc3 e6 7. e4 Be7 8. e5 Ng8 9. Be3 Bg5 10. f4 Be7 11. Rc1 Bb4 12. Ne2 Ne7 13. Qa4 Qa5 14. Qxa5 Bxa5 15. a3 Nf5 16. Bf2 h5 17. g3 O-O 18. Bh3 Bxc3+ 19. Rxc3 Nb6 20. Bxf5 exf5 21. b3 Be6 22. Kd2 Rfc8 23. Rhc1 Rxc3 24. Rxc3 Rc8 25. Rc5 Na8 26. Nc3 Rxc5 27. dxc5 Nc7 28. b4 a6 29. a4 f6 30. exf6 gxf6 31. Kd3 Kf7 32. Kd4 Kg6 33. b5 axb5 34. axb5 Kf7 35.
b6 Na6 36. Nxd5 Nb4 37. Nxb4 Ke7 38. c6 bxc6 39. Nxc6+ Kd6 40. Nb4 Bc8 41. Kc4 Bb7 42.
Bd4 Ke6 43. Kc5 Kf7 44. Kd6 Kg6 45. Kc7 Be4 46. b7 Bxb7 47. Kxb7 h4 48. gxh4 Kh5 49.
Bf2 Kg4 50. Bg3 Kh5 51. Nd5 Kg6 52. Kc7 Kf7 53. Kd6 Kg7 54. Ke6 Kg6 55. Nxf6 Kh6 56. Nd5 Kg7 57. Ne7 Kh6 58. Nxf5+ Kh7 59. Ne3 Kg7 60. Kf5 Kf7 61. Kg5 Kg7 62. f5 Kh7 63. h5 Kg7 64. h6+ 1-0

[Event "*** Titled Tuesday Blitz"]
[Site "Chess.com"]
[Date "2020.01.07"]
[Round "8"]
[White "Gabrielian_Artur"]
[Black "AndrewMaco"]
[Result "0-1"]
[WhiteElo "2781"]
[BlackElo "2651"]
[TimeControl "180+2"]
[EndTime "14:55:34 PST"]
[Termination "AndrewMaco won by checkmate"]

1. e4 c6 2. d4 d5 3. Nd2 dxe4 4.
Nxe4 Nf6 5. Nxf6+ exf6 6. c3 Bd6 7. Bd3 O-O 8. Qc2 Re8+ 9. Ne2 h5 10. O-O h4 11. h3 Nd7 12. Be3 Nf8 13. Rad1 Bb8 14. c4 Qc7 15. Bf4 Rxe2 16. Bxc7 Rxc2 17. Bxb8 Rxb2 18.
Bd6 Rxa2 19. Rfe1 Be6 20. d5 cxd5 21. cxd5 Bxd5 22. Bb1 Ra5 23. Bc7 b6 24. Re7 Rc8 25. Bf5 Be6 26. Be4 Rc5 27. Bf4 Rc4 28. Bb7 R8c5 29.
Bb8 Rc1 30. Rxc1 Rxc1+ 31. Kh2 Nd7 32. Bxa7 Rc7 33. Re8+ Kh7 34. Be4+ f5 35. Bxb6 Nxb6 36. Bf3 Nd7 37. Ra8 Nf6 38. Kg1 g5 39. Ra5 Kg6 40. Ra8 g4 41. hxg4 fxg4 42. Be2 g3 43. fxg3 hxg3 44.
Bd3+ Bf5 45. Bxf5+ Kxf5 46. Ra5+ Kf4 47. Kf1 Ne4 48. Ra3 Rc2 49. Rf3+ Kg4 50. Re3 f5 51. Ra3 Rc1+ 52. Ke2 Rg1 53. Ra8 Rxg2+ 54. Ke3 Rg1 55. Rg8+ Ng5 56. Ke2 Rg2+ 57. Ke3 Ra2 58. Rf8 Ra3+ 59.
Ke2 f4 60. Rb8 Ra2+ 61. Kf1 g2+ 62. Kg1 Nf3# 0-1

[Event "*** Titled Tuesday Blitz"]
[Site "Chess.com"]
[Date "2020.01.07"]
[Round "8"]
[White "ShahMatKanal"]
[Black "VeraNebolsina"]
[Result "0-1"]
[WhiteElo "2542"]
[BlackElo "2384"]
[TimeControl "180+2"]
[EndTime "14:55:37 PST"]
[Termination "VeraNebolsina won by resignation"]

1. d4 Nf6 2. Nf3 g6 3. c4 Bg7 4.
Nc3 d6 5. e4 O-O 6. Be2 Nc6 7.
O-O e5 8. d5 Ne7 9. Ne1 Nd7 10.
Nd3 f5 11. f3 f4 12. b4 a5 13.
bxa5 Rxa5 14. a4 g5 15. Ba3 Rf6 16. Bb4 Ra8 17. c5 Rh6 18. Nb5 dxc5 19. Nxc5 Nxc5 20. Bxc5 Qe8 21. g4 fxg3 22. hxg3 Qh5 23. Kf2 Qh2+ 24.
Ke3 Qxg3 25. Bxe7 Qf4+ 26. Kd3 c6 27. Nc7 Ra5 28. d6 Bf8 29. Qd2 Bxe7 30. Qxf4 Rxd6+ 31. Kc2 exf4 32. Bc4+ Kg7 33. Rad1 Rxd1 34. Rxd1 g4 35.
fxg4 Bxg4 36. Ne6+ Bxe6 37. Bxe6 Rxa4 38. Bf5 Ra2+ 39.
Kb3 Ra3+ 40. Kb2 Kf6 41. Rd7 Ra5 42. Rxb7 Rb5+ 43. Rxb5 cxb5 44. Bxh7 Ke5 45. Kc3 f3 46. Kd3 f2 47. Ke2 Bh4 48. Kf1 b4 49. Ke2 b3 50.
Bg8 b2 51. Ba2 Kxe4 52. Bb1+ Kd4 53. Ba2 Kc3 54. Bb1 Bg3 55. Be4 Kd4 56. Bb1 Bh4 57.
Ba2 Ke4 58. Bb1+ Kf4 59. Bc2 Kg3 60. Be4 b1=Q 61. Bxb1 Kg2 62. Be4+ Kg1 63. Ke3 f1=Q 0-1

[Event "*** Titled Tuesday Blitz"]
[Site "Chess.com"]
[Date "2020.01.07"]
[Round "8"]
[White "AlexandraBotez"]
[Black "Ray_Yang"]
[Result "1/2-1/2"]
[WhiteElo "2126"]
[BlackElo "2267"]
[TimeControl "180+2"]
[EndTime "14:55:37 PST"]
[Termination "Game drawn by repetition"]

1. d4 d5 2. Bf4 c5 3. e3 cxd4 4. exd4 Nc6 5. Nf3 Bf5 6. c3 e6 7. Bd3 Bxd3 8. Qxd3 Nf6 9. O-O Bd6 10. Bxd6 Qxd6 11.
h3 O-O 12. Re1 Ne4 13. Nbd2 f5 14. Ne5 Nxe5 15. dxe5 Qxe5 16. f3 Qg3 17. Nxe4 fxe4 18. Qe3 exf3 19. Qf2 Qxf2+ 20. Kxf2 fxg2+ 21. Kxg2 Rf6 22.
Re2 Re8 23. Rae1 Kf7 24. Rd1 b5 25. Rd4 a6 26. a4 bxa4 27. Rxa4 e5 28. Ra5 Rd6 29.
Rc5 Re7 30. Kf3 g5 31. Kg4 h6 32.
Rf2+ Kg6 33. Rc8 h5+ 34. Kg3 Rg7 35. Re8 e4 36. Re5 Rgd7 37. Rff5 Rg7 38. Rxg5+ Kh6 39. Rxg7 Kxg7 40. Rxh5 Kg6 41. Re5 Kf6 42. Rh5 Kg6 43. Re5 a5 44. h4 a4 45. Rg5+ Kf6 46. Kf4 Rd8 47. h5 Ke6 48. Rg6+ Kf7 49. Ra6 Rb8 50. Kf5 Rxb2 51. Ra7+ Kg8 52. h6 e3 53. Kg6 Rb6+ 54.
Kg5 Re6 55. Ra8+ Kh7 56. Ra7+ Kh8 57. Ra8+ Kh7 58. Ra7+ Kg8 59. Ra8+ Kf7 60. Ra7+ Kg8 1/2-1/2

[Event "*** Titled Tuesday Blitz"]
[Site "Chess.com"]
[Date "2020.01.07"]
[Round "8"]
[White "Caracternin123"]
[Black "Witik"]
[Result "1-0"]
[WhiteElo "2547"]
[BlackElo "2669"]
[TimeControl "180+2"]
[EndTime "14:55:38 PST"]
[Termination "Caracternin123 won by resignation"]

1. d4 Nf6 2. Nf3 g6 3. Bg5 Bg7 4. Nbd2 d5 5. e3 O-O 6. c4 c5 7. dxc5 Na6 8. cxd5 Nxc5 9. Bc4 Nxd5 10. O-O h6 11.
Bh4 Nb4 12. Nb3 Ncd3 13. a3 Nxb2 14. Qxd8 Rxd8 15. Bxe7 Re8 16. Bxb4 Nxc4 17. Rac1 b5 18. Nfd4 a5 19. Nxb5 axb4 20. Nc7 Ba6 21. axb4 Nxe3 22. Rfe1 Bb7 23. Nxe8 Nd5 24. Nxg7 Kxg7 25. Nc5 Rb8 26. Rb1 Bc6 27. Rec1 Rxb4 28. Rxb4 Nxb4 29. Na6 Nxa6 30. Rxc6 Nb4 31. Rd6 Na2 32. Rd4 Nc3 33. Kf1 Nb5 34. Rd7 Na3 35. Ke2 Nc4 36. f4 Nb6 37. Rd6 Nc8 38.
Rd7 Nb6 39. Rd8 Na4 40. Kf3 Nc5 41. Rc8 Ne6 42. Rc4 Kf6 43. g4 g5 44. f5 Nd8 45.
Ke4 Nb7 46. Rc6+ Kg7 47. Ke5 Na5 48. Rc3 Nb7 49. h3 Nd8 50. Kd6 Nb7+ 51. Kc7 Na5 52. Kb6 1-0

[Event "*** Titled Tuesday Blitz"]
[Site "Chess.com"]
[Date "2020.01.07"]
[Round "8"]
[White "Proteuo"]
[Black "enriquetejedor"]
[Result "1-0"]
[WhiteElo "2376"]
[BlackElo "2476"]
[TimeControl "180+2"]
[EndTime "14:55:41 PST"]
[Termination "Proteuo won by resignation"]

1. e4 e6 2. d4 d5 3. Nd2 c5 4. Ngf3 Nc6 5. Bb5 Nf6 6. exd5 Qxd5 7. O-O cxd4 8. Bc4 Qd7 9. Nb3 a6 10. Nbxd4 Nxd4 11. Nxd4 Qc7 12. Bb3 Bd6 13. h3 Bd7 14. Re1 O-O-O 15. Qe2 e5 16. Nf3 Bc6 17. Bg5 h6 18. Be3 Rhe8 19. c4 Ne4 20. Rac1 Nc5 21. Bc2 e4 22. Nd4 Nd3 23. Bxd3 exd3 24. Qxd3 Be4 25. Qb3 Bh2+ 26. Kh1 Be5 27. Nb5 Qd7 28. Bb6 Bc6 29. Na7+ Kb8 30. Rcd1 Qf5 31. Nxc6+ bxc6 32. Bxd8+ Kc8 33. Bb6 Qf4 34. Qg3 Qxg3 35. fxg3 Re6 36. c5 Bxb2 37. Rd8+ Kb7 38. Rd7+ Kc8 39. Rc7+ Kb8 40.
Rxe6 fxe6 41. Re7 e5 42. Rxg7 Bc3 43. Re7 a5 44. g4 a4 45. h4 a3 46. g5 hxg5 47. hxg5 Kc8 48. g6 e4 49. g7 Bxg7 50.
Rxg7 e3 51. Re7 e2 52. Rxe2 Kb7 53. Re3 Ka6 54. Rxa3+ Kb5 55. Rf3 Ka4 56. g4 1-0